Connexion

MINNESOTA Wild vs ST. LOUIS Blues

Created - 19 décembre 2023 at 09:02

Goals
1 2 3 T
MINNESOTA Wild 1 3 2 6
ST. LOUIS Blues 1 2 1 4
Shots
1 2 3 T
MINNESOTA Wild 10 8 9 27
ST. LOUIS Blues 8 21 4 33

GoalsPenalties
1st period
1. ST. LOUIS Blues , Jesper Bratt 21 (Dylan Larkin 36) at 0:20
2. MINNESOTA Wild , Jordan Eberle 27 (Victor Hedman 28, Nick Bjugstad 31) at 10:12
Jaden Schwartz (STL) for Interference (Minor) at 1:51
David Perron (STL) for Fighting (Major) at 12:50
Kevin Rooney (MIN) for Fighting (Major) at 12:50
David Perron (STL) for instigated a fight (Game Misconduct) at 12:50
Brayden McNabb (STL) for Tripping (Minor) at 13:40
2nd period
3. MINNESOTA Wild , Ty Smith 4 (Bryan Little 10, Scott Laughton 10) at 4:27
4. MINNESOTA Wild , Jordan Greenway 4 (Victor Hedman 29, Bryan Little 11) at 5:56
5. ST. LOUIS Blues , Brendan Gallagher 17 (Jaden Schwartz 27, Jonas Brodin 15) at 10:04
6. ST. LOUIS Blues , Zach Whitecloud 5 (Jesper Bratt 34, Dylan Larkin 37) at 11:20
7. MINNESOTA Wild , Kyle Connor 20 (Jordan Eberle 28, Nick Bjugstad 32) at 19:12
No Penalty
3rd period
8. MINNESOTA Wild , Kyle Connor 21 (Jordan Eberle 29, Mike Matheson 24) at 0:29
9. ST. LOUIS Blues , Justin Schultz 16 (Jaden Schwartz 28, Brendan Gallagher 23) at 1:48
10. MINNESOTA Wild , Jordan Eberle 28 (Nick Bjugstad 33, Kyle Connor 41) at 15:59 (PP)
Brayden McNabb (STL) for High sticking (Minor) at 8:21
James Neal (STL) for Tripping (Minor) at 12:31
Luke Schenn (STL) for Slashing (Minor) at 14:44
James Neal (STL) for Diving (Minor) at 19:38
Goalie Stats
Igor Shesterkin (MIN), 29 saves from 33 shots - (0,879), W, 18-14-5, 60:00 minutes
Louis Domingue (STL), 7 saves from 8 shots - (0,875), 19:31 minutes
Mackenzie Blackwood (STL), 14 saves from 19 shots - (0,737), L, 24-11-2, 40:29 minutes
3 StarsOfficial
1 - Jordan Eberle (MIN)
2 - Kyle Connor (MIN)
3 - Nick Bjugstad (MIN)
Referees : Eric Furlatt and Ghislain Hebert
Linesman : Ryan Galloway and Jean Morin
Game Note
Phillip Danault is injured at 9:54 of 1st period (Left Forearm)
David Perron and Kevin Rooney fight to a draw at 12:50 of 1st period
David Perron (STL) for instigated a fight (Game Misconduct) at 12:50
David Perron ejected from game at 12:50 of 1st period
Louis Domingue enters game at 0:29 of 3rd period
Finance
Level 1 -- Attendance: 6000 (100,00%) -- Ticket Income $780,000
Level 2 -- Attendance: 5512 (89,63%) -- Ticket Income $418,912
Level 3 -- Attendance: 1963 (98,15%) -- Ticket Income $113,854
Level 4 -- Attendance: 4000 (100,00%) -- Ticket Income $148,000
Luxury Box -- Attendance: 1000 (100,00%) -- Ticket Income $280,000
Game was played at the Scottrade Center.
Total Attendance: 18475 (96,48%)
Total Ticket Income: $1,740,766
Other Income: $348,153
Total Income: $2,088,919



Team Name Goals Shots Shots Attemp Shots Blocked PIM HIT PP PK FO%
MINNESOTA Wild 6275385231 / 7 (14%)046%
ST. LOUIS Blues 43354929200 / 0 (0,00%154%

MINNESOTA Wild
Player Name POS G A P +/- PIM HIT SHT SB MP PP MP PP SHT PK MP PK SHT FO% FOT
Bryan LittleC/RW0222000010:060:0000:000100% 1
Danton HeinenC/LW/RW0000022019:294:3010:000100% 2
Frank VatranoC/LW/RW0000011119:294:3000:00050% 24
Jordan EberleC/RW2240014122:335:5210:00041% 37
Jordan GreenwayLW/RW1012001010:530:0000:0000% 0
Kevin RooneyC000-151007:040:0000:00062% 13
Kyle ConnorLW2130007022:335:5200:00033% 3
Marko DanoC/LW/RW000-100007:520:0000:0000% 0
Mike MathesonD0112020224:245:2700:0000% 0
Nick BjugstadC/RW0330064022:335:5210:0000% 0
Nick PerbixD0000010115:430:0000:0000% 0
Ryan MurrayD000-1002019:534:5510:0000% 0
Scott LaughtonC/LW0112030010:060:0000:00027% 11
Ty SmithD1010022120:014:5500:0000% 0
Tyler ToffoliLW/RW000-100207:520:0000:0000% 1
Victor HedmanD0222032224:245:2710:0000% 0
Victor MeteD000-1010015:350:0000:0000% 0
Viktor ArvidssonLW/RW0000000019:294:3000:00067% 3
ST. LOUIS Blues
Player Name POS G A P +/- PIM HIT SHT SB MP PP MP PP SHT PK MP PK SHT FO% FOT
Brayden McNabbD0000410119:540:0002:5900% 0
Brendan GallagherRW112-1046016:290:0000:0000% 3
Craig SmithC/RW000-2000015:590:0005:01071% 17
David PerronC/LW/RW0001170004:010:0000:0000% 0
Dominic KubalikLW000-2015011:300:0000:400100% 3
Dylan LarkinC/LW0222022018:410:0000:23046% 26
Jaden SchwartzLW022-1239119:480:0000:000100% 1
Jake LeschyshynC000-2020019:550:0000:00045% 22
James NealLW/RW0001413020:150:0002:10162% 13
Jeremy LauzonD000-1010014:060:0001:1000% 0
Jesper BrattLW/RW1122004020:230:0002:0500% 1
Jonas BrodinD0110010124:320:0004:4600% 0
Justin SchultzD1010011224:570:0005:1100% 0
Luke SchennD000-1200014:080:0001:1300% 0
Marcus FolignoLW0000031010:380:0006:230100% 1
Matthew HighmoreC/LW/RW000-100107:360:0001:420100% 1
Phillip DanaultC000000003:100:0001:11043% 7
Zach WhitecloudD1010001422:200:0005:2400% 0



Play-by-Play

1st period


0:01 of 1st period - Dylan Larkin wins face-off versus Jordan Eberle in neutral zone.
0:10 of 1st period - Shot by Jesper Bratt.
0:10 of 1st period - Shot Blocked by Jordan Eberle.
0:20 of 1st period - Shot by Jesper Bratt.
0:20 of 1st period - Goal by Jesper Bratt - MINNESOTA Wild : 0 - ST. LOUIS Blues : 1.
0:21 of 1st period - Phillip Danault wins face-off versus Frank Vatrano in neutral zone.
0:24 of 1st period - Shot by Jaden Schwartz.
0:24 of 1st period - Stopped by Igor Shesterkin without a rebound.
0:25 of 1st period - Craig Smith wins face-off versus Scott Laughton in MINNESOTA Wild zone.
0:51 of 1st period - Icing by Jeremy Lauzon.
0:52 of 1st period - Craig Smith wins face-off versus Frank Vatrano in ST. LOUIS Blues zone.
0:52 of 1st period - Craig Smith is hit by Danton Heinen.
1:49 of 1st period - Icing by Victor Hedman.
1:50 of 1st period - Kevin Rooney wins face-off versus Phillip Danault in MINNESOTA Wild zone.
1:50 of 1st period - Kevin Rooney is hit by Brendan Gallagher.
1:51 of 1st period - Minor Penalty to Jaden Schwartz for Interference.
1:52 of 1st period - Jordan Eberle wins face-off versus Phillip Danault in ST. LOUIS Blues zone.
2:31 of 1st period - Shot by Mike Matheson.
2:31 of 1st period - Shot Misses the Net.
4:38 of 1st period - Icing by David Perron.
4:39 of 1st period - Scott Laughton wins face-off versus Dylan Larkin in ST. LOUIS Blues zone.
5:07 of 1st period - Icing by Luke Schenn.
5:08 of 1st period - Dylan Larkin wins face-off versus Jordan Eberle in ST. LOUIS Blues zone.
5:25 of 1st period - Shot by Kyle Connor.
5:25 of 1st period - Stopped by Mackenzie Blackwood without a rebound.
5:26 of 1st period - Frank Vatrano wins face-off versus Phillip Danault in ST. LOUIS Blues zone.
5:26 of 1st period - Ryan Murray is hit by Justin Schultz and loses puck.
5:51 of 1st period - Shot by Ryan Murray.
5:51 of 1st period - Stopped by Mackenzie Blackwood without a rebound.
5:52 of 1st period - Jake Leschyshyn wins face-off versus Jordan Eberle in ST. LOUIS Blues zone.
6:00 of 1st period - Zach Whitecloud is hit by Victor Hedman and loses puck.
6:19 of 1st period - Shot by Zach Whitecloud.
6:19 of 1st period - Shot Misses the Net.
6:53 of 1st period - Shot by Jaden Schwartz.
6:53 of 1st period - Shot Misses the Net.
7:08 of 1st period - Icing by Nick Perbix.
7:09 of 1st period - Frank Vatrano wins face-off versus Dylan Larkin in MINNESOTA Wild zone.
7:17 of 1st period - Icing by Jeremy Lauzon.
7:18 of 1st period - Dylan Larkin wins face-off versus Scott Laughton in ST. LOUIS Blues zone.
7:57 of 1st period - Icing by Luke Schenn.
7:58 of 1st period - Jordan Eberle wins face-off versus Dylan Larkin in ST. LOUIS Blues zone.
8:01 of 1st period - Shot by Kyle Connor.
8:01 of 1st period - Stopped by Mackenzie Blackwood without a rebound.
8:02 of 1st period - Phillip Danault wins face-off versus Jordan Eberle in ST. LOUIS Blues zone.
8:02 of 1st period - Phillip Danault is hit by Nick Bjugstad.
8:27 of 1st period - Justin Schultz is hit by Victor Hedman and loses puck.
8:30 of 1st period - Shot by Brendan Gallagher.
8:30 of 1st period - Stopped by Igor Shesterkin without a rebound.
8:31 of 1st period - Frank Vatrano wins face-off versus Craig Smith in MINNESOTA Wild zone.
9:34 of 1st period - Shot by Jordan Eberle.
9:34 of 1st period - Shot Blocked by Zach Whitecloud.
9:36 of 1st period - Shot by Victor Hedman.
9:36 of 1st period - Stopped by Mackenzie Blackwood without a rebound.
9:37 of 1st period - Kevin Rooney wins face-off versus Phillip Danault in ST. LOUIS Blues zone.
9:52 of 1st period - Icing by Brendan Gallagher.
9:53 of 1st period - Phillip Danault wins face-off versus Jordan Eberle in ST. LOUIS Blues zone.
9:53 of 1st period - Phillip Danault is hit by Nick Bjugstad.
9:54 of 1st period - Phillip Danault from ST. LOUIS Blues is injured at 9:54 of 1st period (Left Forearm).
9:55 of 1st period - Jake Leschyshyn wins face-off versus Jordan Eberle in ST. LOUIS Blues zone.
10:12 of 1st period - Shot by Jordan Eberle.
10:12 of 1st period - Goal by Jordan Eberle - MINNESOTA Wild : 1 - ST. LOUIS Blues : 1.
10:13 of 1st period - Danton Heinen wins face-off versus Dylan Larkin in neutral zone.
11:26 of 1st period - Jaden Schwartz is hit by Nick Bjugstad and loses puck.
11:33 of 1st period - Shot by Kyle Connor.
11:33 of 1st period - Stopped by Mackenzie Blackwood without a rebound.
11:34 of 1st period - Craig Smith wins face-off versus Kevin Rooney in ST. LOUIS Blues zone.
11:34 of 1st period - Craig Smith is hit by Kevin Rooney.
11:44 of 1st period - Shot by Dominic Kubalik.
11:44 of 1st period - Stopped by Igor Shesterkin without a rebound.
11:45 of 1st period - Jordan Eberle wins face-off versus Craig Smith in MINNESOTA Wild zone.
11:58 of 1st period - Shot by Kyle Connor.
11:58 of 1st period - Stopped by Mackenzie Blackwood with a rebound.
12:00 of 1st period - Shot by Mike Matheson.
12:00 of 1st period - Shot Blocked by Zach Whitecloud.
12:02 of 1st period - Shot by Victor Hedman.
12:02 of 1st period - Shot Blocked by Zach Whitecloud.
12:10 of 1st period - Shot by Kyle Connor.
12:10 of 1st period - Deflect By Nick Bjugstad.
12:10 of 1st period - Shot Blocked by Brayden McNabb.
12:12 of 1st period - Shot by Nick Bjugstad.
12:12 of 1st period - Stopped by Mackenzie Blackwood without a rebound.
12:13 of 1st period - Jake Leschyshyn wins face-off versus Scott Laughton in ST. LOUIS Blues zone.
12:17 of 1st period - Off-side.
12:18 of 1st period - Dylan Larkin wins face-off versus Tyler Toffoli in neutral zone.
12:50 of 1st period - David Perron and Kevin Rooney fight to a draw.
12:50 of 1st period - Penalty to David Perron for Fighting.
12:50 of 1st period - Penalty to Kevin Rooney for Fighting.
12:50 of 1st period - Penalty to David Perron for instigated a fight.
12:50 of 1st period - David Perron is ejected from game.
12:51 of 1st period - Marcus Foligno wins face-off versus Jordan Eberle in MINNESOTA Wild zone.
12:54 of 1st period - Shot by James Neal.
12:54 of 1st period - Stopped by Igor Shesterkin without a rebound.
12:55 of 1st period - Jordan Eberle wins face-off versus James Neal in MINNESOTA Wild zone.
13:00 of 1st period - Shot by Mike Matheson.
13:00 of 1st period - Shot Misses the Net.
13:22 of 1st period - Shot by Jordan Eberle.
13:22 of 1st period - Shot Misses the Net.
13:40 of 1st period - Minor Penalty to Brayden McNabb for Tripping.
13:41 of 1st period - Frank Vatrano wins face-off versus James Neal in ST. LOUIS Blues zone.
13:52 of 1st period - Shot by Danton Heinen.
13:52 of 1st period - Stopped by Mackenzie Blackwood without a rebound.
13:53 of 1st period - Frank Vatrano wins face-off versus James Neal in ST. LOUIS Blues zone.
13:54 of 1st period - Shot by Ryan Murray.
13:54 of 1st period - Stopped by Mackenzie Blackwood without a rebound.
13:55 of 1st period - James Neal wins face-off versus Frank Vatrano in ST. LOUIS Blues zone.
14:30 of 1st period - Shot by Ryan Murray.
14:30 of 1st period - Shot Blocked by Zach Whitecloud.
15:22 of 1st period - Shot by Nick Bjugstad.
15:22 of 1st period - Shot Misses the Net.
16:01 of 1st period - Jaden Schwartz is hit by Victor Mete and loses puck.
16:47 of 1st period - Shot by Frank Vatrano.
16:47 of 1st period - Shot Misses the Net.
17:08 of 1st period - Dylan Larkin is hit by Ty Smith and loses puck.
17:11 of 1st period - Shot by James Neal.
17:11 of 1st period - Stopped by Igor Shesterkin without a rebound.
17:12 of 1st period - Jake Leschyshyn wins face-off versus Jordan Eberle in MINNESOTA Wild zone.
17:12 of 1st period - Jake Leschyshyn is hit by Mike Matheson.
17:22 of 1st period - Shot by Marcus Foligno.
17:22 of 1st period - Shot Misses the Net.
17:36 of 1st period - Kyle Connor is hit by Marcus Foligno.
17:39 of 1st period - Icing by Jordan Eberle.
17:40 of 1st period - Jordan Eberle wins face-off versus Craig Smith in MINNESOTA Wild zone.
18:43 of 1st period - Icing by Dylan Larkin.
18:44 of 1st period - Frank Vatrano wins face-off versus Dylan Larkin in ST. LOUIS Blues zone.
18:49 of 1st period - Shot by Viktor Arvidsson.
18:49 of 1st period - Shot Misses the Net.
18:59 of 1st period - Shot by Jesper Bratt.
18:59 of 1st period - Shot Blocked by Nick Perbix.
19:03 of 1st period - Shot by Jaden Schwartz.
19:03 of 1st period - Stopped by Igor Shesterkin without a rebound.
19:04 of 1st period - Kevin Rooney wins face-off versus Jake Leschyshyn in MINNESOTA Wild zone.
19:31 of 1st period - Icing by Victor Hedman.
19:32 of 1st period - Kevin Rooney wins face-off versus Jake Leschyshyn in MINNESOTA Wild zone.
19:57 of 1st period - Shot by Jaden Schwartz.
19:57 of 1st period - Stopped by Igor Shesterkin without a rebound.
19:58 of 1st period - Dylan Larkin wins face-off versus Jordan Eberle in MINNESOTA Wild zone.
Goals for this period are 1 for MINNESOTA Wild vs 1 for ST. LOUIS Blues .
Shots for this period are 10 for MINNESOTA Wild vs 8 for ST. LOUIS Blues .

2nd period


0:01 of 2nd period - Jordan Eberle wins face-off versus Dylan Larkin in neutral zone.
0:19 of 2nd period - Shot by Kyle Connor.
0:19 of 2nd period - Shot Blocked by Justin Schultz.
1:21 of 2nd period - Shot by Jaden Schwartz.
1:21 of 2nd period - Stopped by Igor Shesterkin without a rebound.
1:22 of 2nd period - Craig Smith wins face-off versus Viktor Arvidsson in MINNESOTA Wild zone.
1:29 of 2nd period - Shot by Dominic Kubalik.
1:29 of 2nd period - Stopped by Igor Shesterkin with a rebound.
1:31 of 2nd period - Shot by James Neal.
1:31 of 2nd period - Shot Misses the Net.
1:44 of 2nd period - Icing by Victor Mete.
1:45 of 2nd period - Jake Leschyshyn wins face-off versus Frank Vatrano in MINNESOTA Wild zone.
2:00 of 2nd period - Shot by Brendan Gallagher.
2:00 of 2nd period - Shot Misses the Net.
2:02 of 2nd period - Shot by Brayden McNabb.
2:02 of 2nd period - Shot Misses the Net.
2:04 of 2nd period - Shot by Brayden McNabb.
2:04 of 2nd period - Shot Misses the Net.
4:25 of 2nd period - Shot by Ty Smith.
4:25 of 2nd period - Stopped by Mackenzie Blackwood with a rebound.
4:27 of 2nd period - Shot by Ty Smith.
4:27 of 2nd period - Goal by Ty Smith - MINNESOTA Wild : 2 - ST. LOUIS Blues : 1.
4:28 of 2nd period - Kevin Rooney wins face-off versus James Neal in neutral zone.
4:33 of 2nd period - Shot by Jaden Schwartz.
4:33 of 2nd period - Stopped by Igor Shesterkin without a rebound.
4:34 of 2nd period - Danton Heinen wins face-off versus Dylan Larkin in MINNESOTA Wild zone.
5:43 of 2nd period - Zach Whitecloud is hit by Scott Laughton and loses puck.
5:56 of 2nd period - Shot by Jordan Greenway.
5:56 of 2nd period - Goal by Jordan Greenway - MINNESOTA Wild : 3 - ST. LOUIS Blues : 1.
5:57 of 2nd period - Jake Leschyshyn wins face-off versus Jordan Eberle in neutral zone.
5:57 of 2nd period - Jake Leschyshyn is hit by Nick Bjugstad.
6:05 of 2nd period - Shot by Matthew Highmore.
6:05 of 2nd period - Shot Misses the Net.
6:11 of 2nd period - Shot by Marcus Foligno.
6:11 of 2nd period - Stopped by Igor Shesterkin without a rebound.
6:12 of 2nd period - Dominic Kubalik wins face-off versus Kevin Rooney in MINNESOTA Wild zone.
6:15 of 2nd period - Shot by Dominic Kubalik.
6:15 of 2nd period - Stopped by Igor Shesterkin without a rebound.
6:16 of 2nd period - Dominic Kubalik wins face-off versus Jordan Eberle in MINNESOTA Wild zone.
6:23 of 2nd period - Shot by James Neal.
6:23 of 2nd period - Stopped by Igor Shesterkin without a rebound.
6:24 of 2nd period - Craig Smith wins face-off versus Jordan Eberle in MINNESOTA Wild zone.
7:01 of 2nd period - Shot by James Neal.
7:01 of 2nd period - Deflect By Dominic Kubalik.
7:01 of 2nd period - Stopped by Igor Shesterkin without a rebound.
7:02 of 2nd period - Frank Vatrano wins face-off versus Jake Leschyshyn in MINNESOTA Wild zone.
7:02 of 2nd period - Frank Vatrano is hit by Brendan Gallagher.
7:12 of 2nd period - Shot by Brendan Gallagher.
7:12 of 2nd period - Stopped by Igor Shesterkin without a rebound.
7:13 of 2nd period - Scott Laughton wins face-off versus Jake Leschyshyn in MINNESOTA Wild zone.
7:13 of 2nd period - Scott Laughton is hit by Dylan Larkin.
7:35 of 2nd period - Shot by Scott Laughton.
7:35 of 2nd period - Shot Misses the Net.
7:56 of 2nd period - Shot by Jesper Bratt.
7:56 of 2nd period - Stopped by Igor Shesterkin without a rebound.
7:57 of 2nd period - Jordan Eberle wins face-off versus James Neal in MINNESOTA Wild zone.
8:03 of 2nd period - Off-side.
8:04 of 2nd period - James Neal wins face-off versus Jordan Eberle in neutral zone.
8:15 of 2nd period - Shot by Jaden Schwartz.
8:15 of 2nd period - Stopped by Igor Shesterkin without a rebound.
8:16 of 2nd period - Craig Smith wins face-off versus Frank Vatrano in MINNESOTA Wild zone.
8:16 of 2nd period - Craig Smith is hit by Mike Matheson.
8:26 of 2nd period - Shot by James Neal.
8:26 of 2nd period - Shot Misses the Net.
8:34 of 2nd period - Shot by Viktor Arvidsson.
8:34 of 2nd period - Shot Misses the Net.
8:36 of 2nd period - Shot by Frank Vatrano.
8:36 of 2nd period - Shot Misses the Net.
8:38 of 2nd period - Shot by Frank Vatrano.
8:38 of 2nd period - Stopped by Mackenzie Blackwood with a rebound.
8:46 of 2nd period - Shot by Danton Heinen.
8:46 of 2nd period - Stopped by Mackenzie Blackwood without a rebound.
8:47 of 2nd period - Jake Leschyshyn wins face-off versus Kyle Connor in ST. LOUIS Blues zone.
8:56 of 2nd period - Shot by Jaden Schwartz.
8:56 of 2nd period - Stopped by Igor Shesterkin without a rebound.
8:57 of 2nd period - Scott Laughton wins face-off versus Dylan Larkin in MINNESOTA Wild zone.
8:57 of 2nd period - Scott Laughton is hit by Jake Leschyshyn.
9:00 of 2nd period - Icing by Victor Mete.
9:01 of 2nd period - Jake Leschyshyn wins face-off versus Scott Laughton in MINNESOTA Wild zone.
9:12 of 2nd period - Shot by Jaden Schwartz.
9:12 of 2nd period - Stopped by Igor Shesterkin without a rebound.
9:13 of 2nd period - Jordan Eberle wins face-off versus Dylan Larkin in MINNESOTA Wild zone.
9:25 of 2nd period - Nick Perbix is hit by Jake Leschyshyn and loses puck.
9:45 of 2nd period - Shot by Dylan Larkin.
9:45 of 2nd period - Shot Misses the Net.
9:54 of 2nd period - Icing by Nick Perbix.
9:55 of 2nd period - James Neal wins face-off versus Jordan Eberle in MINNESOTA Wild zone.
10:04 of 2nd period - Shot by Jaden Schwartz.
10:04 of 2nd period - Deflect By Brendan Gallagher.
10:04 of 2nd period - Goal by Brendan Gallagher - MINNESOTA Wild : 3 - ST. LOUIS Blues : 2.
10:05 of 2nd period - James Neal wins face-off versus Frank Vatrano in neutral zone.
11:14 of 2nd period - Shot by Jesper Bratt.
11:14 of 2nd period - Stopped by Igor Shesterkin with a rebound.
11:20 of 2nd period - Shot by Zach Whitecloud.
11:20 of 2nd period - Goal by Zach Whitecloud - MINNESOTA Wild : 3 - ST. LOUIS Blues : 3.
11:21 of 2nd period - Jake Leschyshyn wins face-off versus Jordan Eberle in neutral zone.
12:01 of 2nd period - Shot by Matthew Highmore.
12:01 of 2nd period - Shot Misses the Net.
12:03 of 2nd period - Shot by Jeremy Lauzon.
12:03 of 2nd period - Shot Blocked by Ty Smith.
12:21 of 2nd period - Shot by Dylan Larkin.
12:21 of 2nd period - Stopped by Igor Shesterkin without a rebound.
12:22 of 2nd period - Frank Vatrano wins face-off versus Dylan Larkin in MINNESOTA Wild zone.
12:31 of 2nd period - Shot by Jesper Bratt.
12:31 of 2nd period - Shot Misses the Net.
12:40 of 2nd period - Jesper Bratt is hit by Victor Hedman and loses puck.
12:51 of 2nd period - Shot by Dylan Larkin.
12:51 of 2nd period - Shot Blocked by Victor Hedman.
14:27 of 2nd period - Scott Laughton is hit by Jonas Brodin and loses puck.
15:05 of 2nd period - Kyle Connor is hit by Brayden McNabb and loses puck.
15:18 of 2nd period - Shot by Jordan Eberle.
15:18 of 2nd period - Stopped by Mackenzie Blackwood without a rebound.
15:19 of 2nd period - Kevin Rooney wins face-off versus Jake Leschyshyn in ST. LOUIS Blues zone.
15:32 of 2nd period - Shot by Kevin Rooney.
15:32 of 2nd period - Shot Blocked by Jaden Schwartz.
16:34 of 2nd period - Dylan Larkin is hit by Nick Perbix and loses puck.
16:47 of 2nd period - Shot by Matthew Highmore.
16:47 of 2nd period - Stopped by Igor Shesterkin without a rebound.
16:48 of 2nd period - Craig Smith wins face-off versus Jordan Eberle in MINNESOTA Wild zone.
16:55 of 2nd period - Shot by Brendan Gallagher.
16:55 of 2nd period - Stopped by Igor Shesterkin without a rebound.
16:56 of 2nd period - Jordan Eberle wins face-off versus Jesper Bratt in MINNESOTA Wild zone.
17:01 of 2nd period - Dylan Larkin is hit by Nick Bjugstad and loses puck.
17:10 of 2nd period - Shot by Nick Bjugstad.
17:10 of 2nd period - Shot Misses the Net.
17:16 of 2nd period - Shot by Nick Bjugstad.
17:16 of 2nd period - Stopped by Mackenzie Blackwood without a rebound.
17:17 of 2nd period - Frank Vatrano wins face-off versus Jake Leschyshyn in ST. LOUIS Blues zone.
17:50 of 2nd period - Zach Whitecloud is hit by Frank Vatrano.
17:59 of 2nd period - Off-side.
18:00 of 2nd period - James Neal wins face-off versus Kyle Connor in neutral zone.
18:09 of 2nd period - Off-side.
18:10 of 2nd period - Jaden Schwartz wins face-off versus Kevin Rooney in neutral zone.
18:15 of 2nd period - Shot by Jaden Schwartz.
18:15 of 2nd period - Stopped by Igor Shesterkin without a rebound.
18:16 of 2nd period - Jordan Eberle wins face-off versus Brendan Gallagher in MINNESOTA Wild zone.
18:16 of 2nd period - Jordan Eberle is hit by Jaden Schwartz.
18:34 of 2nd period - Shot by Brendan Gallagher.
18:34 of 2nd period - Shot Blocked by Mike Matheson.
18:36 of 2nd period - Shot by Brendan Gallagher.
18:36 of 2nd period - Stopped by Igor Shesterkin without a rebound.
18:37 of 2nd period - Dylan Larkin wins face-off versus Kevin Rooney in MINNESOTA Wild zone.
18:44 of 2nd period - Shot by Jesper Bratt.
18:44 of 2nd period - Stopped by Igor Shesterkin without a rebound.
18:45 of 2nd period - Jake Leschyshyn wins face-off versus Jordan Eberle in MINNESOTA Wild zone.
19:08 of 2nd period - Shot by Kyle Connor.
19:08 of 2nd period - Shot Hit the Post.
19:10 of 2nd period - Shot by Nick Bjugstad.
19:10 of 2nd period - Shot Blocked by Justin Schultz.
19:12 of 2nd period - Shot by Jordan Eberle.
19:12 of 2nd period - Deflect By Kyle Connor.
19:12 of 2nd period - Goal by Kyle Connor - MINNESOTA Wild : 4 - ST. LOUIS Blues : 3.
19:13 of 2nd period - Dylan Larkin wins face-off versus Kevin Rooney in neutral zone.
19:25 of 2nd period - Jesper Bratt is hit by Ty Smith and loses puck.
19:42 of 2nd period - Tyler Toffoli is hit by Jaden Schwartz.
Goals for this period are 3 for MINNESOTA Wild vs 2 for ST. LOUIS Blues .
Shots for this period are 8 for MINNESOTA Wild vs 21 for ST. LOUIS Blues .

3rd period


0:01 of 3rd period - Jordan Eberle wins face-off versus Jake Leschyshyn in neutral zone.
0:25 of 3rd period - Shot by Kyle Connor.
0:25 of 3rd period - Shot Misses the Net.
0:27 of 3rd period - Shot by Mike Matheson.
0:27 of 3rd period - Shot Misses the Net.
0:29 of 3rd period - Shot by Jordan Eberle.
0:29 of 3rd period - Deflect By Kyle Connor.
0:29 of 3rd period - Goal by Kyle Connor - MINNESOTA Wild : 5 - ST. LOUIS Blues : 3.
0:29 of 3rd period - Louis Domingue enters game.
0:30 of 3rd period - Dominic Kubalik wins face-off versus Frank Vatrano in neutral zone.
0:36 of 3rd period - Icing by Ryan Murray.
0:37 of 3rd period - Dylan Larkin wins face-off versus Frank Vatrano in MINNESOTA Wild zone.
1:09 of 3rd period - Icing by Frank Vatrano.
1:10 of 3rd period - Frank Vatrano wins face-off versus Brendan Gallagher in MINNESOTA Wild zone.
1:10 of 3rd period - Frank Vatrano is hit by Jaden Schwartz.
1:46 of 3rd period - Shot by Jaden Schwartz.
1:46 of 3rd period - Shot Blocked by Victor Hedman.
1:48 of 3rd period - Shot by Justin Schultz.
1:48 of 3rd period - Goal by Justin Schultz - MINNESOTA Wild : 5 - ST. LOUIS Blues : 4.
1:49 of 3rd period - Dylan Larkin wins face-off versus Scott Laughton in neutral zone.
1:49 of 3rd period - Dylan Larkin is hit by Scott Laughton.
2:38 of 3rd period - Icing by Brayden McNabb.
2:39 of 3rd period - Dylan Larkin wins face-off versus Jordan Eberle in ST. LOUIS Blues zone.
3:06 of 3rd period - Shot by Nick Bjugstad.
3:06 of 3rd period - Stopped by Louis Domingue without a rebound.
3:07 of 3rd period - James Neal wins face-off versus Frank Vatrano in ST. LOUIS Blues zone.
3:12 of 3rd period - Shot by Jaden Schwartz.
3:12 of 3rd period - Shot Misses the Net.
3:50 of 3rd period - Danton Heinen is hit by James Neal and loses puck.
3:54 of 3rd period - Icing by Danton Heinen.
3:55 of 3rd period - Viktor Arvidsson wins face-off versus Dylan Larkin in MINNESOTA Wild zone.
4:07 of 3rd period - Icing by Justin Schultz.
4:08 of 3rd period - Dylan Larkin wins face-off versus Jordan Eberle in ST. LOUIS Blues zone.
4:20 of 3rd period - Off-side.
4:21 of 3rd period - James Neal wins face-off versus Scott Laughton in neutral zone.
5:37 of 3rd period - Icing by Kyle Connor.
5:38 of 3rd period - Jordan Eberle wins face-off versus Dylan Larkin in MINNESOTA Wild zone.
5:43 of 3rd period - Shot by Jordan Eberle.
5:43 of 3rd period - Shot Blocked by Jonas Brodin.
5:45 of 3rd period - Shot by Jordan Eberle.
5:45 of 3rd period - Stopped by Louis Domingue with a rebound.
5:47 of 3rd period - Shot by Nick Bjugstad.
5:47 of 3rd period - Shot Misses the Net.
6:16 of 3rd period - Victor Hedman is hit by Dylan Larkin.
7:05 of 3rd period - Shot by Tyler Toffoli.
7:05 of 3rd period - Stopped by Louis Domingue without a rebound.
7:06 of 3rd period - Frank Vatrano wins face-off versus Craig Smith in ST. LOUIS Blues zone.
8:21 of 3rd period - Minor Penalty to Brayden McNabb for High sticking.
8:22 of 3rd period - Matthew Highmore wins face-off versus Jordan Eberle in ST. LOUIS Blues zone.
8:22 of 3rd period - Matthew Highmore is hit by Jordan Eberle.
9:12 of 3rd period - Zach Whitecloud is hit by Danton Heinen and loses puck.
10:57 of 3rd period - Shot by Tyler Toffoli.
10:57 of 3rd period - Stopped by Louis Domingue without a rebound.
10:58 of 3rd period - Craig Smith wins face-off versus Scott Laughton in ST. LOUIS Blues zone.
11:02 of 3rd period - Icing by Jeremy Lauzon.
11:03 of 3rd period - Craig Smith wins face-off versus Scott Laughton in ST. LOUIS Blues zone.
11:03 of 3rd period - Craig Smith is hit by Scott Laughton.
11:15 of 3rd period - Jordan Greenway is hit by Dominic Kubalik and loses puck.
11:28 of 3rd period - Shot by Dominic Kubalik.
11:28 of 3rd period - Stopped by Igor Shesterkin without a rebound.
11:29 of 3rd period - Jordan Eberle wins face-off versus Jake Leschyshyn in MINNESOTA Wild zone.
11:29 of 3rd period - Jordan Eberle is hit by Brendan Gallagher.
11:36 of 3rd period - Icing by Victor Mete.
11:37 of 3rd period - Jordan Eberle wins face-off versus Dylan Larkin in MINNESOTA Wild zone.
11:44 of 3rd period - Shot by Jesper Bratt.
11:44 of 3rd period - Deflect By Dylan Larkin.
11:44 of 3rd period - Stopped by Igor Shesterkin without a rebound.
11:45 of 3rd period - Dylan Larkin wins face-off versus Jordan Eberle in MINNESOTA Wild zone.
12:22 of 3rd period - Shot by Kyle Connor.
12:22 of 3rd period - Stopped by Louis Domingue without a rebound.
12:23 of 3rd period - Craig Smith wins face-off versus Frank Vatrano in ST. LOUIS Blues zone.
12:30 of 3rd period - Shot by James Neal.
12:30 of 3rd period - Deflect By Craig Smith.
12:30 of 3rd period - Shot Blocked by Frank Vatrano.
12:31 of 3rd period - Minor Penalty to James Neal for Tripping.
12:32 of 3rd period - Craig Smith wins face-off versus Frank Vatrano in ST. LOUIS Blues zone.
13:15 of 3rd period - Shot by Ty Smith.
13:15 of 3rd period - Shot Misses the Net.
13:31 of 3rd period - Shot by Victor Hedman.
13:31 of 3rd period - Stopped by Louis Domingue without a rebound.
13:32 of 3rd period - Craig Smith wins face-off versus Jordan Eberle in ST. LOUIS Blues zone.
13:37 of 3rd period - Mike Matheson is hit by Marcus Foligno and loses puck.
14:32 of 3rd period - Icing by Viktor Arvidsson.
14:33 of 3rd period - Kevin Rooney wins face-off versus Brendan Gallagher in MINNESOTA Wild zone.
14:33 of 3rd period - Kevin Rooney is hit by Brendan Gallagher.
14:44 of 3rd period - Minor Penalty to Luke Schenn for Slashing.
14:45 of 3rd period - James Neal wins face-off versus Frank Vatrano in ST. LOUIS Blues zone.
15:40 of 3rd period - Jonas Brodin is hit by Nick Bjugstad and loses puck.
15:57 of 3rd period - Shot by Jordan Eberle.
15:57 of 3rd period - Deflect By Nick Bjugstad.
15:57 of 3rd period - Stopped by Louis Domingue with a rebound.
15:59 of 3rd period - Shot by Jordan Eberle.
15:59 of 3rd period - Goal by Jordan Eberle - MINNESOTA Wild : 6 - ST. LOUIS Blues : 4.
16:00 of 3rd period - Bryan Little wins face-off versus Jake Leschyshyn in neutral zone.
16:02 of 3rd period - Mike Matheson is hit by Jeremy Lauzon and loses puck.
16:09 of 3rd period - Shot by Jaden Schwartz.
16:09 of 3rd period - Shot Blocked by Mike Matheson.
16:41 of 3rd period - Shot by Brendan Gallagher.
16:41 of 3rd period - Stopped by Igor Shesterkin without a rebound.
16:42 of 3rd period - Kyle Connor wins face-off versus Dylan Larkin in MINNESOTA Wild zone.
16:55 of 3rd period - Shot by Nick Bjugstad.
16:55 of 3rd period - Deflect By Kyle Connor.
16:55 of 3rd period - Shot Misses the Net.
18:22 of 3rd period - Icing by Nick Perbix.
18:23 of 3rd period - Frank Vatrano wins face-off versus Jake Leschyshyn in MINNESOTA Wild zone.
18:23 of 3rd period - Frank Vatrano is hit by Marcus Foligno.
18:40 of 3rd period - Icing by Ty Smith.
18:41 of 3rd period - Viktor Arvidsson wins face-off versus Jake Leschyshyn in MINNESOTA Wild zone.
19:11 of 3rd period - Icing by Brayden McNabb.
19:12 of 3rd period - Kevin Rooney wins face-off versus Jake Leschyshyn in ST. LOUIS Blues zone.
19:13 of 3rd period - Shot by Marko Dano.
19:13 of 3rd period - Shot Hit the Post.
19:38 of 3rd period - Minor Penalty to James Neal for Diving.
19:39 of 3rd period - Jordan Eberle wins face-off versus Craig Smith in ST. LOUIS Blues zone.
Goals for this period are 2 for MINNESOTA Wild vs 1 for ST. LOUIS Blues .
Shots for this period are 9 for MINNESOTA Wild vs 4 for ST. LOUIS Blues .